 Dungeon Crawl Stone Soup version 0.25.0-33-gff14898491 (webtiles) character file.

Game seed: 10334045015095949701

8444 hitsuchi the Unseen (level 11, -12/47 HPs)
             Began as a Spriggan Enchanter on July 2, 2020.
             Was an Initiate of Gozag.
             Killed from afar by a necromancer (49 damage)
             ... with a bolt of fire
             ... in a Gauntlet on July 6, 2020.
             The game lasted 00:26:14 (13140 turns).

hitsuchi the Unseen (Spriggan Enchanter)           Turns: 13140, Time: 00:26:14

Health: -12/47     AC:  4    Str: 16    XL:     11   Next: 10%
Magic:  16/18      EV: 18    Int: 24    God:    Gozag
Gold:   970        SH:  5    Dex: 17    Spells: 12/18 levels left

rFire    . . .     SeeInvis +   q - +1 dagger (flame)
rCold    . . .     Gourm    .   (shield restricted)
rNeg     . . .     Faith    .   C - +2 robe "Astrac" {rCorr Str+4}
rPois    .         Spirit   .   (helmet restricted)
rElec    .         Reflect  +   (no cloak)
rCorr    +         Harm     .   (gloves unavailable)
MR       +....     NoTele   +   (boots unavailable)
Stlth    ++++++....             c - amulet of reflection
HPRegen  0.15/turn              k - +6 ring of strength
MPRegen  0.16/turn              v - +6 ring of intelligence

@: gold aura, very quick
A: very small, unfitting armour, see invisible, herbivore, speed 3, slow
metabolism 2
a: Potion Petition, Call Merchant, Bribe Branch, Renounce Religion


You were in a Gauntlet.
You worshipped Gozag.
Gozag was pleased with you.
You were not hungry.

You visited 3 branches of the dungeon, and saw 11 of its levels.
You also visited: Gauntlet.

You collected 1088 gold pieces.
You spent 44 gold pieces at shops.
You paid 74 gold pieces to Gozag.

Inventory:

Hand Weapons
 q - a +1 dagger of flaming (weapon)
Missiles
 j - a throwing net (quivered)
Armour
 e - a +0 buckler
 C - the +2 robe "Astrac" (worn) {rCorr Str+4}
   (You found it on level 7 of the Dungeon)

   It affects your strength (+4).
   It provides partial protection from all sources of acid and corrosion.
Jewellery
 c - an amulet of reflection (around neck)
 h - an uncursed amulet of regeneration
 i - an uncursed ring of fire
 k - a +6 ring of strength (left hand)
 s - an uncursed amulet of faith {unknown}
 v - a +6 ring of intelligence (right hand)
 z - an uncursed ring of positive energy {unknown}
Wands
 x - a wand of clouds (3)
 A - a wand of paralysis (8)
Scrolls
 a - 2 scrolls of enchant weapon {unknown}
 l - 2 scrolls of immolation
 m - 3 scrolls of teleportation
 n - 2 scrolls of identify
 o - a scroll of fog {unknown}
 p - 5 scrolls of remove curse {unknown}
 t - a scroll of enchant armour {unknown}
 u - 3 scrolls of noise {unknown}
 y - a scroll of amnesia {unknown}
 B - 2 scrolls of silence {unknown}
Potions
 b - a potion of lignification {unknown}
 f - 2 potions of brilliance
 g - a potion of ambrosia
 r - 3 potions of stabbing
 w - 3 potions of mutation
Comestibles
 d - 13 rations


   Skills:
 + Level 10.8 Short Blades
 - Level 3.0 Dodging
 + Level 15.1 Stealth
 - Level 4.0 Spellcasting
 - Level 12.0 Hexes


You had 12 spell levels left.
You knew the following spells:

 Your Spells              Type           Power        Failure   Level  Hunger
a - Corona                Hex            ######.      1%          1    None
b - Ensorcelled Hibernat  Hex/Ice        ####..       1%          2    #......
c - Confusing Touch       Hex            ######..     1%          3    ##.....

Your spell library contained the following spells:

 Spells                   Type           Power        Failure   Level  Hunger
 Tukima's Dance           Hex            ######..     1%          3    ##.....
 Dazzling Flash           Conj/Hex       ####..       2%          3    ##.....
 Inner Flame              Hex/Fire       ####....     2%          3    ##.....
 Foxfire                  Conj/Fire      #...         10%         1    None
 Conjure Flame            Conj/Fire      #.......     28%         3    ##.....
 Sticky Flame             Conj/Fire      #.......     67%         4    ####...
 Fireball                 Conj/Fire      #.........   95%         5    ######.


Dungeon Overview and Level Annotations

Branches:
Dungeon (8/15)             Temple (1/1) D:6            Lair (2/6) D:8
Gauntlet (1/1)
  Swamp: Lair:2-4    Shoals: Lair:2-4     Snake: Lair:2-4    Spider: Lair:2-4

Altars:
Ashenzari
Cheibriados
Dithmenos
Elyvilon
Fedhas
Gozag
Hepliaklqana
Kikubaaqudgha
Makhleb
Nemelex Xobeh
Okawaru
Qazlal
Ru
Sif Muna
Trog
Uskayaw
Vehumet
Wu Jian
Xom
Yredelemnul
Zin
The Shining One

Shops:
D:7 ?

Annotations:
D:5 1 runed translucent door, LSt's ghost, novice HOFE
D:7 3 runed translucent doors, MaCx's ghost, novice DrEE; brujo666's ghost, novice DsFi
D:8 2 transporters Gauntlet 11 transporters


Innate Abilities, Weirdness & Mutations

You are very small and have problems with some larger weapons.
You are too small for most types of armour.
You have supernaturally acute eyesight. (SInv)
You are a herbivore.
You cover ground extremely quickly.
You need to consume almost no food.


Message History

There is a transporter here.
You enter the transporter and appear at another place.
The wolf closely misses you. The wolf bites you!
Casting: Ensorcelled Hibernation (safe; 1% risk of failure)
Confirm with . or Enter, or press ? or * to list all spells.
Aiming: Ensorcelled Hibernation (safe; 1% risk of failure)
Press: ? - help, Shift-Dir - straight line, f - wolf
Aim: a wolf (chance to defeat MR: 62%)
The wolf looks drowsy...
The wolf barely misses you. The wolf misses you. The wolf barely misses you.
The helpless wolf fails to defend itself.
You perforate the wolf like a sieve!!!! You burn the wolf.
You kill the wolf!
You block the wolf's attack. The wolf completely misses you.
You see here 3 gold pieces.
The necromancer gestures at you while chanting.
The bolt of fire hits you!!!
Ouch! That really hurt!
You die...
Your body crumbles into a pile of gold.

###≈...........§§≈......
#8#∩...∩........≈8≈.....
###≈............§§......
#..###########...#####
###..#.......h.#...#Y.#.
#8#..#..##.##h.#...#Y#..
###..#.##...##?######.#.
#..#.#.....#.#...#..P.
###.©#.@hh©...©#©.©###.#
#8#..#h#.....#(#...##.#.
###..#h##.p.##.#####.##.
#..#.h##.##..#...#.#.#
###..#.........#.8.###©.
#8#..###########...#####
###.....................
#≈....................
######################


You could see a necromancer and 4 wolves.

Vanquished Creatures
  A two-headed ogre (D:8)
  2 black mambas
  A spiny frog (Lair:1)
  2 hippogriffs
  Sigmund (D:5)
  11 yaks
  2 basilisks (D:8)
  Edmund (D:5)
  5 water moccasins (Lair:1)
  5 porcupines
  2 sky beasts
  3 orc warriors
  A black bear (D:8)
  3 ogres
  A necrophage (D:5)
  8 wolves
  4 crocodiles
  A big kobold (D:8)
  6 bullfrogs
  2 scorpions
  2 howler monkeys
  2 crimson imps (D:7)
  A quasit (D:5)
  2 hounds
  2 centaur skeletons
  A centaur zombie (D:5)
  A jelly (D:5)
  An orc priest (D:3)
  5 worker ants
  7 orc wizards
  A hound zombie (D:6)
  16 adders
  An ooze (D:3)
  An adder zombie (D:6)
  An adder skeleton (D:8)
  2 worms
  5 dart slugs
  4 leopard geckos
  32 orcs
  7 bats
  5 giant cockroaches
  5 goblins
  8 hobgoblins
  2 jackals (D:1)
  12 kobolds
  6 quokkas
  6 ball pythons
  4 frilled lizards
  A quokka skeleton (D:5)
  9 rats
214 creatures vanquished.

Vanquished Creatures (others)
  A bush (D:8)
  2 fungi (D:8)
  11 plants
  7 withered plants (Gauntlet)
21 creatures vanquished.

Grand Total: 235 creatures vanquished

Notes
Turn   | Place    | Note
-------+----------+-------------------------------------------
     0 | D:1      | hitsuchi the Spriggan Enchanter began the quest for the
                  | Orb.
     0 | D:1      | Reached XP level 1. HP: 9/9 MP: 5/5
   485 | D:1      | Reached XP level 2. HP: 11/13 MP: 2/6
   493 | D:1      | Learned a level 2 spell: Ensorcelled Hibernation
  1241 | D:1      | Reached skill level 5 in Stealth
  1410 | D:1      | Reached XP level 3. HP: 11/16 MP: 1/8
  1513 | D:1      | Learned a level 3 spell: Confusing Touch
  3031 | D:2      | Reached XP level 4. HP: 21/21 MP: 9/9
  4168 | D:3      | Reached skill level 6 in Stealth
  4426 | D:3      | Reached XP level 5. HP: 11/24 MP: 7/10
  4608 | D:3      | Reached skill level 5 in Hexes
  5289 | D:4      | Reached XP level 6. HP: 28/28 MP: 12/12
  5323 | D:4      | HP: 1/28 [ogre/+0 giant club (27)]
  5672 | D:4      | Reached skill level 7 in Stealth
  6083 | D:4      | Found a shadowy altar of Dithmenos.
  6161 | D:5      | Entered Level 5 of the Dungeon
  6395 | D:5      | Reached XP level 7. HP: 13/32 MP: 0/14
  6703 | D:5      | Reached skill level 8 in Stealth
  6785 | D:5      | Noticed LSt's ghost (novice HOFE)
  6790 | D:5      | Reached skill level 5 in Short Blades
  6924 | D:5      | Found a runed translucent door.
  7030 | D:5      | Found a white marble altar of Elyvilon.
  7168 | D:5      | Noticed Sigmund
  7178 | D:5      | Killed Sigmund
  7178 | D:5      | Reached skill level 9 in Stealth
  7178 | D:5      | Reached XP level 8. HP: 36/36 MP: 2/15
  7281 | D:5      | Noticed Edmund
  7283 | D:5      | Killed Edmund
  7780 | D:6      | Reached skill level 10 in Stealth
  7964 | D:6      | Found a staircase to the Ecumenical Temple.
  7977 | Temple   | Entered the Ecumenical Temple
  8286 | Temple   | Became a worshipper of Gozag Ym Sagoz the Greedy
  8604 | D:7      | Found Pyameh's Magic Scroll Emporium.
  8632 | D:7      | Bought a scroll of identify for 22 gold pieces
  8632 | D:7      | Bought a scroll of identify for 22 gold pieces
  8884 | D:7      | Found a runed translucent gate.
  8908 | D:7      | Got a brightly glowing robe
  8919 | D:7      | Identified the +2 robe "Astrac" {rCorr Str+4} (You found it
                  | on level 7 of the Dungeon)
  8944 | D:7      | Found a runed translucent gate.
  8944 | D:7      | Found a runed translucent gate.
  8945 | D:7      | Noticed brujo666's ghost (novice DsFi)
  8945 | D:7      | Noticed MaCx's ghost (novice DrEE)
  9147 | D:8      | Noticed a troll
  9147 | D:8      | Noticed a rakshasa
  9148 | D:8      | Noticed a skeletal warrior
  9151 | D:8      | Found a transporter.
  9152 | D:8      | Noticed a spiny frog
  9226 | D:8      | Noticed an unseen horror
  9226 | D:8      | a spiny frog changed into an unseen horror
  9260 | D:8      | Noticed a hippogriff
  9260 | D:8      | an unseen horror changed into a hippogriff
  9279 | D:8      | Noticed a raiju
  9279 | D:8      | a hippogriff changed into a raiju
  9297 | D:8      | Found a transporter.
  9300 | D:8      | Noticed a polar bear
  9300 | D:8      | a raiju changed into a polar bear
  9303 | D:8      | Noticed a two-headed ogre
  9312 | D:8      | Killed a two-headed ogre
  9312 | D:8      | Reached skill level 11 in Stealth
  9312 | D:8      | Reached XP level 9. HP: 39/39 MP: 11/16
  9397 | D:8      | Reached skill level 12 in Stealth
  9487 | D:8      | Reached skill level 10 in Hexes
  9684 | D:8      | Reached skill level 13 in Stealth
  9684 | D:8      | Reached XP level 10. HP: 3/44 MP: 11/17
 10029 | D:8      | Found a staircase to the Lair.
 10708 | D:8      | Noticed an azure jelly
 10714 | D:8      | Noticed a storm dragon
 10714 | D:8      | an azure jelly changed into a storm dragon
 10774 | Lair:1   | Entered Level 1 of the Lair of Beasts
 10805 | Lair:1   | Noticed a spiny frog
 10815 | Lair:1   | Killed a spiny frog
 11104 | Lair:1   | Reached skill level 14 in Stealth
 11106 | Lair:1   | Reached skill level 10 in Short Blades
 11824 | Lair:1   | Noticed a black mamba
 11844 | Lair:1   | Killed a black mamba
 12024 | Lair:1   | Found the +8 whip "Snakebite" {curare, rPois}
 12518 | Lair:1   | Upgraded the game from 0.25.0-26-g0c896c7088 to
                  | 0.25.0-33-gff14898491
 12519 | Lair:2   | Noticed a black mamba
 12523 | Lair:2   | Killed a black mamba
 12551 | Lair:2   | Reached XP level 11. HP: 47/47 MP: 13/18
 12612 | Lair:2   | Reached skill level 15 in Stealth
 12848 | Lair:2   | Found a gate leading to a gauntlet.
 12857 | Gauntlet | Entered a Gauntlet
 12857 | Gauntlet | Found a transporter.
 12857 | Gauntlet | Found a transporter.
 12857 | Gauntlet | Noticed a necromancer
 12956 | Gauntlet | Found a transporter.
 12960 | Gauntlet | Found a transporter.
 12969 | Gauntlet | Noticed a dire elephant
 12970 | Gauntlet | Found a transporter.
 12974 | Gauntlet | Found a transporter.
 12984 | Gauntlet | Found a transporter.
 13005 | Gauntlet | Found a transporter.
 13006 | Gauntlet | Noticed a glowing orange brain
 13008 | Gauntlet | Noticed a glowing orange brain
 13020 | Gauntlet | Noticed a cyan ugly thing
 13022 | Gauntlet | Found a transporter.
 13026 | Gauntlet | Found a transporter.
 13027 | Gauntlet | Noticed a death drake
 13036 | Gauntlet | Found a transporter.
 13040 | Gauntlet | Found a transporter.
 13140 | Gauntlet | Killed from afar by a necromancer

Illustrated notes

Levels and vault maps discovered:
D:1:      kennysheep_arrival_seaside, layout_basic
D:2:      layout_basic, eino_tiny_chamber
D:3:      layout_rooms, first_ration
D:4:      layout_rooms, grunt_dithmenos_smoke
D:5:      layout_loops_cross, elyvilon_altar_3, hellmonk_ghost_happy_afterlife,
          minmay_statues_item, minmay_large_rounded_square,
          sigmund_edmund_badplayer
D:6:      layout_rooms, minmay_temple_entry_mini_moons
D:7:      layout_basic, gammafunk_ghost_cemetery, kennysheep_windowed_goal
D:8:      gammafunk_sealed_arena, layout_rooms, minmay_lair_entry_grove
Temple:   regret_index_temple_sigil_plot
Lair:1:   minmay_guarded_unrand_snakebite, layout_hall_layers, lemuel_fruit_tree
Lair:2:   layout_hall_layers, gauntlet_entry_generic, beast_lair_carwin_10,
          infiniplex_staircase_pool_2, grunt_megastairs_2
Gauntlet: gammafunk_gauntlet_hard_choice [gammafunk_gauntlet_arena_grid,
          gammafunk_gauntlet_arena_split_diamond,
          gammafunk_gauntlet_arena_arrow_garden, gammafunk_gauntlet_arena_mazey,
          nicolae_gauntlet_arena_blocks, nicolae_gauntlet_arena_t_cross,
          gauntlet_exit_spiral]

Skill      XL: |  1  2  3  4  5  6  7  8  9 10 11 |
---------------+----------------------------------+-----
Hexes          | 4 5 6 7 9 10 11 12 | 12.0
Stealth        | 5 6 7 9 11 13 14 15 | 15.1
Short Blades   | 2 3 4 5 7 9 10 | 10.8
Spellcasting   | 3 4 |  4.0
Dodging        | |  3.0

Action                   |  1- 3 |  4- 6 |  7- 9 | 10-12 || total
-------------------------+-------+-------+-------+-------++-------
Melee: Dagger            |   133 |   141 |   217 |   149 ||   640
 Cast: Corona            |     7 |       |       |       ||     7
       Ensorcelled Hiber |    27 |    56 |    46 |    70 ||   199
       Confusing Touch   |       |     3 |     5 |     1 ||     9
  Use: Scroll            |     3 |     2 |     6 |       ||    11
       Potion            |       |       |     1 |     3 ||     4
 Stab: Sleeping          |    21 |    38 |    44 |    42 ||   145
       Confused          |       |     1 |     5 |     1 ||     7
       Distracted        |       |     1 |       |     1 ||     2
  Eat: Ration            |     1 |     4 |     2 |     2 ||     9
Armor: Robe              |     8 |     7 |    19 |    12 ||    46
Dodge: Dodged            |   103 |   117 |   118 |    87 ||   425
Block: Other             |       |       |    11 |    20 ||    31
       Reflection        |       |       |       |     1 ||     1
